Map: Forteresse de fer EC

Players

AgCl - Winner!

  • Race: Protoss Protoss

Ambi

  • Race: Zerg Zerg

VOD

Have the link to the VOD?

Description

Time

  • Played on: May 15, 2015, 2:53 a.m.
  • Length: 5:56
Show
View Real Time Build Order
Export as new Build Order

AgCl Protoss - Winner!

Build Orders: Oracle Opening, Oracle Opening 

Get SALT Encoding   

  12  0:18  Pylon  
  12  0:22  Probe  
  13  0:34  Probe  
  14  0:36  Gateway  
  14  0:44  Assimilator  
  14  0:46  Probe  
  15  0:58  Probe (Chrono Boost)  
  15  1:00  Pylon  
  16  1:11  Probe (Chrono Boost)  
  18  1:19  Probe (Chrono Boost)  
  18  1:25  Zealot (Chrono Boost)  
  18  1:29  Cybernetics Core, Probe  
  21  1:37  Assimilator  
  21  1:41  Probe (Chrono Boost)  
  22  1:54  Probe (Chrono Boost)  
  24  2:02  Probe (Chrono Boost)  
  24  2:11  Probe  
  25  2:29  Stargate  
  26  2:30  Warp Gate (Chrono Boost)  
  25  2:43  Probe, Nexus  
  26  2:56  Probe (Chrono Boost)  
  25  3:02  Pylon  
  25  3:07  Pylon  
  25  3:08  Probe (Chrono Boost)  
  25  3:12  Oracle (Chrono Boost)  
  29  3:21  Gateway  
  29  3:23  Probe  
  30  3:38  Probe  
  31  3:43  Twilight Council  
  31  3:51  Probe (Chrono Boost)  
  32  3:55  Probe (Chrono Boost)  
  34  4:07  Probe (Chrono Boost)  
  34  4:08  Probe (Chrono Boost)  
  35  4:11  Gateway  
  35  4:18  Probe  
  35  4:19  Probe  
  37  4:26  Void Ray (Chrono Boost)  
  37  4:31  Dark Shrine  
  41  4:34  Probe  
  42  4:38  Pylon  
  42  4:40  Probe (Chrono Boost)  
  42  4:43  Assimilator  
  40  4:47  Gateway  
  40  4:48  Probe (Chrono Boost)  
  42  4:56  Probe (Chrono Boost)  
  42  4:58  Assimilator  
  44  5:03  Mothership Core (Chrono Boost)  
  44  5:04  Probe (Chrono Boost)  
  45  5:07  Pylon  
  45  5:11  Probe (Chrono Boost)  
  46  5:14  Probe  
  46  5:21  Probe  
  52  5:26  Probe  
  53  5:35  Probe, Fleet Beacon  
  54  5:37  Pylon  
  54  5:42  Zealot x2  
Show
View Real Time Build Order
Export as new Build Order

Ambi Zerg 

Build Orders: Hatch First, Ravager All-In 

Get SALT Encoding   

  12  0:02  Drone  
  13  0:11  Drone  
  14  0:17  Overlord  
  14  0:36  Drone x3  
  17  0:50  Drone  
  18  0:58  Drone  
  18  1:02  Hatchery  
  18  1:17  Spawning Pool  
  17  1:20  Drone  
  17  1:23  Drone  
  19  1:26  Extractor  
  18  1:38  Drone  
  19  1:42  Overlord  
  19  1:52  Drone  
  20  2:05  Drone  
  20  2:06  Queen  
  23  2:15  Queen  
  23  2:17  Zergling x4  
  27  2:37  Drone  
  27  2:38  Drone x3  
  27  2:41  Extractor  
  30  2:49  Overlord  
  29  3:01  Drone  
  29  3:02  Drone x2  
  32  3:07  Baneling Nest  
  32  3:12  Baneling Nest  
  31  3:15  Roach Warren  
  31  3:17  Drone  
  32  3:20  Overlord  
  32  3:21  Overlord  
  32  3:24  Drone  
  33  3:29  Drone  
  33  3:31  Drone x2  
  33  3:32  Drone x2  
  38  3:34  Overlord  
  38  3:59  Roach x8  
  53  4:25  Queen  
  50  4:41  Ravager  
  50  4:42  Ravager x4  
  50  4:45  Ravager  
  55  4:58  Spore Crawler  
  54  5:01  Spore Crawler  
Tags
 
Add a new tag
Caveats
  • Supply blocks, unpowered buildings, or Contaminate may cause inaccurate times.
  • Supply counts are checked every 10 seconds.